 Dungeon Crawl Stone Soup version 0.18.1-48-g4cf74bf (webtiles) character file.

75 Joat the Insei (level 4, -1/35 HPs)
             Began as a Demonspawn Monk on July 26, 2016.
             Slain by Grinder (3 damage)
             ... on level 2 of the Dungeon.
             The game lasted 00:15:54 (2850 turns).

Joat the Insei (Demonspawn Monk)                    Turns: 2850, Time: 00:15:55

Health: -1/35      AC: 13    Str: 12    XL:     4   Next: 11%
Magic:  0/4        EV: -2    Int: 12    God:
Gold:   109        SH:  2    Dex: 15    Spells: 0 memorised, 3 levels left

rFire  . . .     SeeInvis .       - Unarmed
rCold  . . .     Gourm    .     n - +0 plate armour
rNeg   . . .     Faith    .     (no shield)
rPois  .         Spirit   +     (no helmet)
rElec  .         Dismiss  .     (no cloak)
rCorr  .         Reflect  .     (no gloves)
SustAt .         Harm     .     j - +0 pair of boots
MR     .....                    d - amulet of guardian spirit
Stlth  ..........               (no ring)
                                (no ring)

@: not resistant to hostile enchantments, extremely unstealthy
A: large bone plates 1
a: no special abilities


You were on level 2 of the Dungeon.
You were not hungry.

You visited 1 branch of the dungeon, and saw 3 of its levels.

You collected 109 gold pieces.

Inventory:

Hand Weapons
 g - a +0 dagger
 h - a +1 dagger of speed
Missiles
 l - 6 poisoned needles (quivered)
 x - 2 tomahawks
Armour
 a - a +0 robe
 j - a +0 pair of boots (worn)
 m - a +0 leather armour
 n - a +0 plate armour (worn)
Magical Staves
 p - an uncursed staff of fire {unknown}
Jewellery
 d - an amulet of guardian spirit (around neck)
Wands
 r - a wand of teleportation (1/9)
Scrolls
 c - 2 scrolls of remove curse {unknown}
 e - 3 scrolls of identify {unknown}
 o - a scroll of magic mapping {unknown}
 q - a scroll of teleportation {unknown}
 t - a scroll of immolation {unknown}
 u - a scroll of blinking {unknown}
Potions
 f - a potion of lignification {unknown}
 i - a potion of curing {unknown}
 k - a potion of agility {unknown}
Comestibles
 b - 2 bread rations
 s - a meat ration
 v - a fruit
 w - 3 chunks of flesh


   Skills:
 * Level 3.4 Fighting
 + Level 0.5 Armour
 + Level 3.3 Dodging
 + Level 2.1 Stealth
 + Level 4.2 Unarmed Combat


You had 3 spell levels left.
You didn't know any spells.

Dungeon Overview and Level Annotations

Branches:
Dungeon (3/15)

Altars:

Annotations:
D:2 Grinder


Innate Abilities, Weirdness & Mutations

You are partially covered in large bone plates (AC +2, SH +2).


Message History

Grinder hits you but does no damage. Grinder hits you.
You writhe in agony.
* * * LOW HITPOINT WARNING * * *
You can move again.
Grinder hits you.
* * * LOW HITPOINT WARNING * * *
You writhe in agony.
* * * LOW HITPOINT WARNING * * *
Grinder says, "Are you a fish?"
Grinder blinks!
Grinder barely misses you.
There is a stone staircase leading up here.
Grinder hits you but does no damage.
You climb upwards.
There is a stone staircase leading down here.
Grinder says, "Are you a fish?" Grinder hits you.
* * * LOW HITPOINT WARNING * * *
You writhe in agony.
You die...

...........#...........#.#..##
........####...............##
.........................###
.........###..........#.##
.........# #............#
.........# #.........####
.........# ##.......##
........## #........<#
#......## #...5@..).# ########
#...).....# #.........#
#.........# ##.......##
##.....## #######


You could see Grinder.

Vanquished Creatures
  3 adders
  A worm (D:1)
  A dart slug (D:1)
  2 giant geckos (D:1)
  3 orcs
  A ball python (D:1)
  5 bats (D:1)
  2 giant cockroaches (D:2)
  4 goblins
  7 hobgoblins
  7 kobolds
  3 rats
39 creatures vanquished.

Notes
Turn   | Place    | Note
--------------------------------------------------------------
     0 | D:1      | Joat the Demonspawn Monk began the quest for the Orb.
     0 | D:1      | Reached XP level 1. HP: 18/18 MP: 1/1
   614 | D:1      | Gained mutation: You are partially covered in large bone plates (AC +2, SH +2). [demonic ancestry]
   614 | D:1      | Reached XP level 2. HP: 23/24 MP: 2/2
  1043 | D:1      | Reached skill level 4 in Unarmed Combat
  1473 | D:2      | Reached XP level 3. HP: 29/29 MP: 3/3
  2745 | D:2      | Reached XP level 4. HP: 35/35 MP: 4/4
  2809 | D:3      | Noticed Grinder
  2817 | D:3      | Paralysed by Grinder for 4 turns
  2836 | D:3      | Paralysed by Grinder for 2 turns
  2850 | D:2      | Slain by Grinder

Skill      XL: |  1  2  3 |
---------------+----------+-----
Unarmed Combat | 4 |  4.2
Dodging        | 3 |  3.3
Stealth        | 2 |  2.1
Fighting       | |  3.4
Armour         | |  0.5

Action                   |  1- 3 |  4- 6 || total
-------------------------+-------+-------++-------
Melee: Unarmed           |   169 |    35 ||   204
       Punch             |     1 |       ||     1
 Stab: Sleeping          |     2 |       ||     2
  Eat: Chunk             |     3 |       ||     3
       Bread ration      |     1 |       ||     1
Armor: Robe              |    19 |       ||    19
       Plate armour      |    82 |    21 ||   103
Dodge: Dodged            |    75 |     5 ||    80
Block: Other             |     7 |     3 ||    10
